 Dungeon Crawl Stone Soup version 0.31.0-1-g2c135a008e (webtiles) character file.

Game seed: 4863541152474593362

121 qw the Shooter (level 5, -8/40 HPs)
             Began as a Djinni Hunter on Jan 24, 2024.
             Mangled by a gnoll
             ... wielding a +0 halberd
              (13 damage)
             ... on level 3 of the Dungeon.
             The game lasted 00:00:05 (1807 turns).

qw the Shooter (Djinni Hunter)                      Turns: 1807, Time: 00:00:06

Health: -8/40      AC:  6    Str: 10    XL:     5   Next: 26%
Gold:   147        EV: 11    Int: 11    God:
                   SH:  0    Dex: 18

rFire   + + .        a - +0 shortbow
rCold   x . .        (shield currently unavailable)
rNeg    . . .        d - +0 ring mail
rPois   inf          b - +0 helmet
rElec   .            (no cloak)
rCorr   .            (no gloves)
SInv    .            (boots unavailable)
Will    .....        (no amulet)
Stlth   +            (no ring)
HPRegen 0.26/turn    (no ring)
MPRegen 0.00/turn

%: infuse magic (-9 HP)
@: flying
A: sickness immunity, fire resistance 2, cold vulnerability 1, float, innate
caster, HP casting, extra vitality 1
a: no special abilities


You were on level 3 of the Dungeon.
You visited 1 branch of the dungeon, and saw 3 of its levels.

You collected 147 gold pieces.


Innate Abilities, Weirdness & Mutations

You are immune to sickness and miasma.
You are immune to poison.
Your flesh is very heat resistant. (rF++)
You are vulnerable to cold. (rC-)
You float through the air rather than walking.
You learn spells naturally, not from books.
Your magical power is your life essence.
You have superior vitality. (+4 MHP)


   Skills:
 - Level 3.0 Fighting
 + Level 4.5 Ranged Weapons
 - Level 1.2 Armour
 - Level 2.1 Dodging
 - Level 0.7 Stealth


You knew the following spells:

 Your Spells              Type           Power      Damage    Failure   Level
a - Shock                 Conj/Air       0%         1d3       65%         1
b - Call Imp              Summ           0%         N/A       80%         2
Your spell library was empty.

Inventory:

Hand Weapons
 a - a +0 shortbow (weapon)
Armour
 b - a +0 helmet (worn)
 d - a +0 ring mail (worn)
Potions
 g - a potion of lignification {unknown}
 h - a potion of curing {unknown}

Dungeon Overview and Level Annotations

Branches:
Dungeon (3/15)

Altars:

Annotations:
D:2 1 runed translucent door, Crazy Yiuf
D:3 Grinder


Message History

You resist with significant effort. The adder bites you but does no damage.
You shoot an arrow. The arrow misses the adder.
You hear a shout!
The adder barely misses you.
You shoot an arrow. The arrow hits the adder.
The adder is heavily wounded.
The adder bites you.
A gnoll comes into view. It is wielding a +0 club.
Grinder hits you.
You writhe in agony.
The adder bites you but does no damage.
Grinder rolls her eyes.
Grinder closely misses you.
You shoot an arrow. The arrow hits the adder.
You kill the adder!
Grinder barely misses you.
You shoot an arrow. The arrow barely misses Grinder.
A gnoll comes into view. It is wielding a +0 whip.
Grinder barely misses you.
You shoot an arrow. The arrow hits Grinder.
Grinder is lightly wounded.
The gnoll hits you with a +0 club. Grinder gestures at you.
You suddenly lose the ability to move!
The gnoll hits you with a +0 club. Grinder hits you.
You writhe in agony.
Grinder barely misses you. The gnoll hits you but does no damage.
The gnoll hits you with a +0 club. Grinder hits you.
You writhe in agony.
You can move again.
You shoot an arrow. The arrow hits Grinder!
Grinder is moderately wounded.
You hear a shout! x2
The gnoll closely misses you.
A gnoll comes into view. It is wielding a +0 halberd.
The gnoll hits you with a +0 club. Grinder hits you but does no damage.
The gnoll hits you with a +0 club.
Grinder blinks!
The gnoll hits you with a +0 whip.
You shoot an arrow. The arrow hits the gnoll!
The gnoll is severely wounded.
The gnoll closely misses you.
The gnoll hits you from afar with a +0 halberd!
You die...

# #.#.#
#..#
#.#.#
#..#
..#.#
#..#
....#
#..#
###
#..#
#..##
#...#
##..#
#g@#
#¤g#
.g...
###...#
#...#
#...#
#...#
.5$.#


You could see Grinder and 3 gnolls.

Vanquished Creatures
  A bombardier beetle (D:3)
  2 adders
  4 dart slugs
  7 endoplasms
  4 giant cockroaches
  6 goblins
  5 hobgoblins
  5 quokkas
  6 ball pythons
  4 bats
  8 frilled lizards
  2 kobolds (D:1)
  5 rats
59 creatures vanquished.

Notes
Turn   | Place    | Note
-------+----------+-------------------------------------------
     0 | D:1      | qw the Djinni Hunter began the quest for the Orb.
     0 | D:1      | Reached XP level 1. HP: 18/18 MP: 0/0
     0 | D:1      | 0 ||| qw: Version: 0.3-a-136-gdd3b4e8
     0 | D:1      | 0 ||| qw: Game counter: 1246
     0 | D:1      | 0 ||| qw: Melee chars always use a shield: true
     0 | D:1      | 0 ||| qw: God list: Okawaru
     0 | D:1      | 0 ||| qw: Allow faded altars: false
     0 | D:1      | 0 ||| qw: Do Orc after clearing Dungeon:15 true
     0 | D:1      | 0 ||| qw: Do second Lair branch before Depths: true
     0 | D:1      | 0 ||| qw: Lair rune preference: random
     0 | D:1      | 0 ||| qw: Goals: Normal
     0 | D:1      | 0 ||| PLANNING D:1-11
    51 | D:1      | Reached XP level 2. HP: 23/23 MP: 0/0
   215 | D:1      | Reached XP level 3. HP: 28/28 MP: 0/0
   215 | D:1      | Learned a level 1 spell: Shock
   292 | D:1      | Reached skill level 4 in Ranged Weapons
   715 | D:1      | 715 ||| UPGRADING to +0 ring mail.
   725 | D:1      | 725 ||| DROPPING +0 leather armour.
   726 | D:1      | 726 ||| READING scroll labelled MOTHALLEHUE.
   827 | D:1      | 827 ||| READING scroll labelled KIGYRGH LUIST.
   881 | D:1      | 881 ||| DROPPING scroll of butterflies.
  1020 | D:2      | Reached skill level 1 in Armour
  1020 | D:2      | Reached XP level 4. HP: 33/34 MP: 0/0
  1234 | D:2      | Reached skill level 3 in Fighting
  1351 | D:2      | Found a runed translucent door.
  1352 | D:2      | Noticed Crazy Yiuf
  1512 | D:2      | 1512 ||| UPGRADING to +0 helmet.
  1517 | D:2      | 1517 ||| READING scroll labelled WITUGE OFAWUA.
  1630 | D:3      | Reached XP level 5. HP: 33/40 MP: 0/0
  1630 | D:3      | Learned a level 2 spell: Call Imp
  1790 | D:3      | Noticed Grinder
  1802 | D:3      | Paralysed by Grinder for 4 turns
  1805 | D:3      | HP: 9/40 [Grinder (6)]
  1807 | D:3      | Mangled by a gnoll

Levels and vault maps discovered:
D:1:      doesnt_arrival_eight_statues, layout_basic, grunt_decor_arrowhead,
          hangedman_abyss_or_decor_lesser_grid, serial_bayou_pond_e
D:2:      layout_loops_ring, uniq_crazy_yiuf_cottage
D:3:      layout_loops_ring, kennysheep_generic_room_5, uniq_grinder

Skill      XL: |  1  2  3  4 |
---------------+-------------+-----
Ranged Weapons | 4 |  4.5
Armour         | 1 |  1.2
Fighting       | 3 |  3.0
Dodging        | |  2.1
Stealth        | |  0.7

Action                     |  1- 3 |  4- 6 || total
---------------------------+-------+-------++-------
   Fire: Shortbow          |    78 |    85 ||   163
    Use: Scroll            |     2 |     1 ||     3
 Armour: Leather armour    |    15 |       ||    15
         Ring mail         |     2 |    32 ||    34
  Dodge: Dodged            |    34 |    25 ||    59

Table legend:
 A = Non-vault XP
 B = Vault XP
 C = Vault XP percentage of total XP
 D = Non-vault monster count
 E = Vault monster count
 F = Vault count percentage of total count
                 A         B        C        D         E       F
            +---------+---------+-------+---------+---------+-------
      Total |     174 |       0 |   0.0 |      59 |       0 |   0.0
            +---------+---------+-------+---------+---------+-------
        D:1 |      53 |       0 |   0.0 |      32 |       0 |   0.0
        D:2 |      54 |       0 |   0.0 |      22 |       0 |   0.0
        D:3 |      67 |       0 |   0.0 |       5 |       0 |   0.0
            +---------+---------+-------+---------+---------+-------
